 Dungeon Crawl Stone Soup version 0.28.0-45-g0d030f2227 (webtiles) character file.

Game seed: 7767910761872676124

263 MeArio the Covered (level 5, 0/48 HPs)
             Began as a Minotaur Fighter on Apr 13, 2022.
             Slain by an orc wizard
             ... wielding a +0 dagger
              (3 damage)
             ... on level 5 of the Dungeon.
             The game lasted 00:08:08 (3171 turns).

MeArio the Covered (Minotaur Fighter)               Turns: 3171, Time: 00:08:09

Health: 0/48       AC: 11    Str: 23    XL:     5   Next: 98%
Magic:  4/4        EV:  7    Int:  5    God:
Gold:   179        SH:  9    Dex:  9    Spells: 4/4 levels left

rFire   . . .      SeeInvis .   a - +0 rapier (protect)
rCold   . . .      Faith    .   c - +0 buckler
rNeg    . . .      Spirit   .   o - +0 chain mail
rPois   .          Reflect  +   (helmet restricted)
rElec   .          Harm     .   (no cloak)
rCorr   .          Rampage  .   k - +0 pair of gloves
Will    .....                   (no boots)
Stlth   ..........              m - amulet of reflection
HPRegen 0.16/turn               (no ring)
MPRegen 0.09/turn               (no ring)

@: no status effects
A: horns 2, retaliatory headbutt
a: no special abilities


You were on level 5 of the Dungeon.
You visited 1 branch of the dungeon, and saw 5 of its levels.

You collected 179 gold pieces.

Inventory:

Hand Weapons
 a - a +0 rapier of protection (weapon)
Missiles
 i - 5 javelins (quivered)
Armour
 c - a +0 buckler (worn)
 k - a +0 pair of gloves (worn)
 o - a +0 chain mail (worn)
Jewellery
 m - an amulet of reflection (around neck)
Scrolls
 b - a scroll of holy word {unknown}
 e - 2 scrolls of identify {unknown}
 f - a scroll of amnesia {unknown}
 g - a scroll of noise {unknown}
 h - a scroll of fog {unknown}
 l - a scroll of blinking {unknown}
 n - a scroll of enchant weapon {unknown}
Potions
 d - a potion of might
 j - a potion of brilliance {unknown}
 p - a potion of lignification {unknown}


   Skills:
 + Level 5.1 Fighting
 + Level 3.9 Short Blades
 + Level 5.1 Armour
 + Level 5.1 Shields


You had 4 spell levels left.
You didn't know any spells.
Your spell library contained the following spells:

 Spells                   Type           Power      Damage    Failure   Level
 Ozocubu's Armour         Ice            0%         N/A       100%        3
 Metabolic Englaciation   Hex/Ice        0%         N/A       100%        5
 Simulacrum               Ice/Necr       0%         N/A       100%        6


Dungeon Overview and Level Annotations

Branches:
Dungeon (5/15)
 Temple: D:4-7

Altars:


Innate Abilities, Weirdness & Mutations

You have a pair of horns on your head.
You reflexively headbutt those who attack you in melee.


Message History

The orc hits you with a +0 flail! Something hits you but does no damage.
The orc hits you with a +0 flail.
You hear some strange, mumbled words.
Something tries to affect you, but you resist.
The orc hits you with a +0 flail. Something hits you but does no damage.
The orc hits you with a +0 flail. Something hits you.
You feel less confused. You block the orc's attack.
You hear some strange, mumbled words.
Something tries to affect you, but you resist.
You block the orc's attack. Something hits you. You block the orc's attack.
Something hits you but does no damage. The orc hits you but does no damage.
Something hits you. The orc hits you with a +0 flail.
Something hits you but does no damage. The orc hits you but does no damage.
You hear some strange, mumbled words.
Something tries to affect you, but you resist.
The orc barely misses you. Something hits you but does no damage.
You block the orc's attack. Something hits you but does no damage.
The orc hits you but does no damage. Something hits you but does no damage.
You block the orc's attack. Something hits you.
The orc hits you but does no damage.
You hear some strange, mumbled words.
You are confused.
The orc hits you but does no damage. Something hits you.
* * * LOW HITPOINT WARNING * * *
The orc hits you but does no damage. Something hits you but does no damage.
The orc hits you with a +0 flail.
* * * LOW HITPOINT WARNING * * *
Something hits you but does no damage. The orc hits you with a +0 flail.
* * * LOW HITPOINT WARNING * * *
Something hits you but does no damage. The orc barely misses you.
Something hits you but does no damage. The orc hits you but does no damage.
Something hits you but does no damage.
You feel less confused. The orc hits you with a +0 flail.
* * * LOW HITPOINT WARNING * * *
Something hits you.
You die...

#.....#
#.....############
'................#
#....<...........#
######...........# #
######......# #
############.# .# #
#....# #o##o..## #
#...)# #@{oo.... #
#....# #####.### #
#....######### #
#............# #
##.....######.#
####..†...# #.#
..........######'##
####.#.#####......#####
........####..........#


You could see 4 orcs.

Vanquished Creatures
  A necrophage (D:3)
  An ogre (D:4)
  3 adders
  2 worms
  A dart slug (D:2)
  An orc (D:3)
  5 ball pythons
  5 bats
  7 endoplasms
  4 giant cockroaches
  5 goblins
  9 hobgoblins
  2 jackals (D:2)
  3 kobolds
  A quokka (D:2)
  3 frilled lizards
  5 rats
58 creatures vanquished.

Vanquished Creatures (others)
  A kobold (D:3)
1 creature vanquished.

Grand Total: 59 creatures vanquished

Notes
Turn   | Place    | Note
-------+----------+-------------------------------------------
     0 | D:1      | MeArio the Minotaur Fighter began the quest for the Orb.
     0 | D:1      | Reached XP level 1. HP: 19/19 MP: 0/0
   315 | D:1      | Reached XP level 2. HP: 27/27 MP: 1/1
   474 | D:1      | Found a faded altar of an unknown god.
  1234 | D:2      | Reached XP level 3. HP: 33/33 MP: 2/2
  1870 | D:3      | Reached XP level 4. HP: 31/40 MP: 3/3
  1999 | D:3      | Noticed a necrophage
  2008 | D:3      | Killed a necrophage
  2009 | D:3      | Reached XP level 5. HP: 39/47 MP: 4/4
  2818 | D:4      | Noticed an ogre
  2823 | D:4      | Killed an ogre
  2824 | D:4      | Reached skill level 5 in Fighting
  2824 | D:4      | Reached skill level 5 in Armour
  2824 | D:4      | Reached skill level 5 in Shields
  3022 | D:5      | Entered Level 5 of the Dungeon
  3171 | D:5      | Slain by an orc wizard

Illustrated notes

Levels and vault maps discovered:
D:1:      amcnicky_arrival_abandoned_market, layout_basic,
          hellmonk_ecumenical_altar_zigzags
D:2:      layout_rooms, grunt_decor_one_mirror, hangedman_decor_riveting
D:3:      layout_basic
D:4:      layout_rooms, minmay_temple_entry_nine_rooms,
          minmay_misc_feat_encased, minmay_misc_feat_ornament,
          kennysheep_orc_chapel
D:5:      layout_basic

Skill      XL: |  1  2  3  4  5 |
---------------+----------------+-----
Armour         | 4 5 |  5.1
Fighting       | 4 5 |  5.1
Shields        | 4 5 |  5.1
Short Blades   | 3 |  3.9

Action                   |  1- 3 |  4- 6 || total
-------------------------+-------+-------++-------
Melee: Rapier            |   101 |    42 ||   143
       Headbutt          |    15 |     7 ||    22
  Use: Scroll            |       |     1 ||     1
Armor: Scale mail        |    34 |     3 ||    37
       Chain mail        |       |    36 ||    36
Dodge: Dodged            |    25 |    16 ||    41
Block: Buckler           |    37 |    32 ||    69
       Reflection        |     1 |     1 ||     2
